 Dungeon Crawl Stone Soup version 0.30-a0-777-ga9a30cbeda (webtiles) character file.

Game seed: 2027424870786715124

14 Heoruswealwe the Insei (level 2, 0/22 HPs)
             Began as a Djinni Transmuter on Feb 14, 2023.
             Slain by a hobgoblin (4 damage)
             ... on level 1 of the Dungeon.
             The game lasted 00:03:48 (267 turns).

Heoruswealwe the Insei (Djinni Transmuter)           Turns: 267, Time: 00:03:48

Health: 0/22       AC:  2    Str:  9    XL:     2   Next: 55%
Gold:   18         EV: 12    Int: 14    God:
                   SH:  0    Dex: 13

rFire   + + .      SeeInvis .      - Unarmed
rCold   x . .      Faith    .    (no shield)
rNeg    . . .      Spirit   .    a - +0 robe
rPois   ∞          Reflect  .    (no helmet)
rElec   .          Harm     .    (no cloak)
rCorr   .          Rampage  .    (no gloves)
Will    .....                    (boots unavailable)
Stlth   +                        (no amulet)
HPRegen 0.23/turn                (no ring)
MPRegen 0.00/turn                (no ring)

@: flying
A: sickness immunity, fire resistance 2, cold vulnerability 1, float, innate
caster, HP casting, extra vitality 1
a: no special abilities


You were on level 1 of the Dungeon.
You visited 1 branch of the dungeon, and saw 1 of its levels.

You collected 18 gold pieces.

Inventory:

Hand Weapons
 d - a +0 club
Armour
 a - a +0 robe (worn)
Scrolls
 c - a scroll of teleportation {unknown}
 e - a scroll of enchant weapon {unknown}
Potions
 b - a potion of lignification
 f - a potion of ambrosia {unknown}


   Skills:
 * Level 1.3 Fighting
 * Level 2.5 Dodging
 * Level 3.1 Unarmed Combat
 * Level 1.7 Spellcasting
 + Level 0.2 Invocations
 + Level 0.2 Evocations


You couldn't memorise any spells.
You knew the following spells:

 Your Spells              Type           Power      Damage    Failure   Level
a - Beastly Appendage     Tmut           12%        N/A       12%         1
b - Wereblood             Tmut           6%         N/A       19%         2
c - Spider Form           Tmut/Pois      6%         N/A       36%         3
d - Ice Form              Ice/Tmut       6%         N/A       77%         4
Your spell library was empty.

Dungeon Overview and Level Annotations

Branches:
Dungeon (1/15)

Altars:


Innate Abilities, Weirdness & Mutations

You are immune to sickness and miasma.
You are immune to poison.
Your flesh is very heat resistant. (rF++)
You are vulnerable to cold. (rC-)
You float through the air rather than walking.
You learn spells naturally, not from books.
Your magical power is your life essence.
You have superior vitality. (+4 MHP)


Message History

The bat is severely wounded.
The bat hits you. The bat hits you but does no damage.
You miss the bat.
The bat is severely wounded.
The bat hits you but does no damage.
You hit the bat but do no damage.
The bat is severely wounded.
The bat misses you.
You hit the bat.
You kill the bat!
The ball python bites you. The ball python closely misses you.
You hit the ball python.
The ball python is severely wounded.
The ball python closely misses you. x2
You hit the ball python.
You kill the ball python!
The ball python barely misses you. The ball python closely misses you.
You hit the ball python.
You kill the ball python!
You closely miss the hobgoblin. The hobgoblin hits you.
You hit the hobgoblin.
The hobgoblin is moderately wounded.
You barely miss the hobgoblin.
The hobgoblin is moderately wounded.
The hobgoblin barely misses you.
You hit the hobgoblin. Your punch misses the hobgoblin.
The hobgoblin is heavily wounded.
The hobgoblin misses you.
You barely miss the hobgoblin.
The hobgoblin is heavily wounded.
The hobgoblin hits you.
* * * LOW HITPOINT WARNING * * *
You hit the hobgoblin.
The hobgoblin is severely wounded.
The hobgoblin hits you.
* * * LOW HITPOINT WARNING * * *
You hit the hobgoblin but do no damage.
The hobgoblin is heavily wounded.
The hobgoblin hits you.
You die...

.##..... ## #.....
......#. ...## #....
##...... ......+...
........ ....#..
.####### #...###
.###############)..#
.................#..#
##########.#####g# .#
##≈≈≈≈≈≈.≈≈≈###@# .#
##≈≈≈≈≈≈.≈≈≈≈≈##.# .#
#≈≈≈≈≈≈≈.≈≈≈≈≈≈#.# ..
≈≈≈8≈≈≈≈≈.≈≈8≈≈≈.# #
≈≈≈≈≈≈≈≈≈≈.≈≈≈≈≈.#
≈≈≈≈~~~≈≈≈.≈≈≈≈≈.######
~≈≈~≈≈≈~≈≈.≈≈≈≈≈.......
≈~~≈≈≈≈<..≈≈≈≈≈≈#.#####
≈≈≈≈≈≈..>≈≈≈≈~~≈#.#


You could see a hobgoblin.

Vanquished Creatures
  A dart slug (D:1)
  2 bats (D:1)
  An endoplasm (D:1)
  A giant cockroach (D:1)
  4 ball pythons (D:1)
  A frilled lizard (D:1)
  2 goblins (D:1)
12 creatures vanquished.

Notes
Turn   | Place    | Note
-------+----------+-------------------------------------------
     0 | D:1      | Heoruswealwe the Djinni Transmuter began the quest for the
                  | Orb.
     0 | D:1      | Heoruswealwe set off with the following spells memorised:
                  | Beastly Appendage, Wereblood, Spider Form, Ice Form.
     0 | D:1      | Reached XP level 1. HP: 17/17 MP: 0/0
   169 | D:1      | Reached XP level 2. HP: 22/22 MP: 0/0
   267 | D:1      | Slain by a hobgoblin

Illustrated notes

Levels and vault maps discovered:
D:1:      nzn_arrival_water_spiral, layout_basic, minmay_pentomino_t2

Action                     || total
---------------------------++-------
  Melee: Unarmed           ||    69
         Punch             ||     1
   Stab: Sleeping          ||     1
 Armour: Robe              ||    23
  Dodge: Dodged            ||    57

Table legend: (Time is in decaauts)
 A = Elapsed time spent in this place.
 B = Non-inter-level travel time spent in this place.
 C = Inter-level travel time spent in this place.
 D = Time resting spent in this place.
 E = Time spent auto-exploring this place.
 F = Levels seen in this place.
 G = Mean time per level.
                   A        B        C        D        E       F      G
               +--------+--------+--------+--------+--------+-----+--------+
         Total |    262 |    262 |      0 |      0 |      0 |   1 |  262.0 |
       Dungeon |    262 |    262 |      0 |      0 |      0 |   1 |  262.0 |
               +--------+--------+--------+--------+--------+-----+--------+

Top non-repeatable levels by time:
     D:1: 262 daAuts
